 Dungeon Crawl Stone Soup version 0.21.0 (webtiles) character file.

218 xnavy the Poker (level 5, -3/42 HPs)
             Began as a Merfolk Abyssal Knight on Jan 7, 2018.
             Was a Believer of Lugonu.
             Slain by a yak (13 damage)
             ... on level 7 of the Dungeon.
             The game lasted 00:05:59 (2062 turns).

xnavy the Poker (Merfolk Abyssal Knight)            Turns: 2062, Time: 00:05:59

Health: -3/42      AC:  5    Str: 12    XL:     5   Next: 95%
Magic:  7/7        EV: 13    Int: 12    God:    Lugonu [**....]
Gold:   141        SH:  4    Dex: 14    Spells: 4/4 levels left

rFire    . . .     SeeInvis .   a - +1 spear
rCold    . . .     Gourm    .   p - +0 buckler
rNeg     . . .     Faith    .   r - +0 leather armour
rPois    .         Spirit   .   (no helmet)
rElec    .         Reflect  .   k - +1 cloak
rCorr    +         Harm     .   (no gloves)
MR       .....                  (no boots)
Stlth    +.........             o - amulet of magic regeneration {@e1}
HPRegen  0.14/turn              m - ring of resist corrosion
MPRegen  0.35/turn              (no ring)

@: marked
A: change form in water, swift swim, stealthy swim
a: Depart the Abyss, Bend Space, Renounce Religion


You were on level 7 of the Dungeon.
You worshipped Lugonu.
Lugonu was pleased with you.
You were hungry.

You visited 1 branch of the dungeon, and saw 6 of its levels.
You visited the Abyss 1 time.

You collected 141 gold pieces.

Inventory:

Hand Weapons
 a - a +1 spear (weapon)
 b - a +0 hunting sling
   (You took it off a goblin on level 2 of the Dungeon)
Missiles
 e - 77 stones (quivered)
 f - 6 tomahawks
 s - 18 sling bullets
Armour
 k - a +1 cloak (worn)
   (You found it on level 1 of the Dungeon)
 p - a +0 buckler (worn)
   (You found it on level 6 of the Dungeon)
 r - a +0 leather armour (worn)
Jewellery
 m - a ring of resist corrosion (left hand)
   (You found it on level 6 of the Dungeon)
 o - an amulet of magic regeneration (around neck) {@e1}
   (You found it on level 2 of the Dungeon)
Scrolls
 g - a scroll of random uselessness
 j - a scroll of identify
Potions
 h - a potion of lignification {!q}
 i - a potion of degeneration {unknown}
 n - a potion of curing
 t - a potion of flight {unknown}
Comestibles
 c - 2 rations {@e1}
 d - a chunk of flesh {@w0}


   Skills:
 + Level 4.1 Fighting
 * Level 5.3 Polearms
 - Level 0.6 Armour
 + Level 3.9 Dodging
 + Level 1.1 Shields
 * Level 3.9 Invocations


You had 4 spell levels left.
You didn't know any spells.

Dungeon Overview and Level Annotations

Branches:
Dungeon (7/15)
 Temple: D:4-7

Altars:
Xom

Annotations:
D:5 Pikel
D:7 Eustachio


Message History

The yak bellows!
The stone hits the ogre but does no damage.
A yak comes into view.
The ogre hits you with a giant spiked club!!
Ouch! That really hurt!
You take 21 damage, and have 15/37 hp.
MASSIVE DAMAGE!!
A yak comes into view.
Okay, then.
Really quaff
h - 2 potions of lignification {!q}?
Okay, then.
Really quaff
h - 2 potions of lignification {!q}?
You turn into a tree.
Your +1 cloak melds into your body.
Your +0 leather armour melds into your body.
Your roots penetrate the ground.
The yak gores you.
You now have 18/55 hp.
Unknown command.
You feel much better. You block the yak's attack.
You regained 26 hp, and now have 44/55 hp.
You closely miss the yak. The yak gores you but does no damage.
The yak bellows!
You hit the yak. The yak gores you but does no damage.
You completely miss the yak. The yak gores you but does no damage.
You barely miss the yak. The yak gores you but does no damage.
A yak comes into view.
The yak bellows!
You hit the yak but do no damage. The yak barely misses you.
The yak moves out of view.
The yak bellows!
You hit the yak. The yak gores you but does no damage.
Okay, then.
Unknown command.
You hit the yak. The yak gores you.
A yak comes into view.
You take 3 damage, and have 42/55 hp.
The yak bellows!
You hit the yak but do no damage. The yak gores you.
You take 2 damage, and have 40/55 hp.
You hit the yak. You block the yak's attack.
You are feeling hungry.
You barely miss the yak. You hit the yak but do no damage.
You block the yak's attack.
You hit the yak. You block the yak's attack.
You hit the yak. The yak gores you.
You take 5 damage, and have 35/55 hp.
You hit the yak. You block the yak's attack.
You hit the yak. The yak gores you but does no damage.
You hit the yak but do no damage. The yak gores you!
You take 9 damage, and have 27/55 hp.
You hit the yak but do no damage. You block the yak's attack.
You barely miss the yak. The yak gores you but does no damage.
You hit the yak but do no damage.
Your transformation is almost over.
The yak gores you but does no damage.
You barely miss the yak. The yak gores you but does no damage.
You hit the yak but do no damage. The yak gores you but does no damage.
You hit the yak. The yak gores you but does no damage.
You barely miss the yak. You hit the yak. The yak gores you but does no damage.
You hit the yak. The yak gores you but does no damage.
You hit the yak. The yak gores you.
You take 1 damage, and have 27/55 hp.
You hit the yak but do no damage. The yak gores you but does no damage.
You hit the yak. The yak gores you but does no damage.
You closely miss the yak.
You feel less wooden.
Your +1 cloak unmelds from your body.
Your +0 leather armour unmelds from your body.
The yak misses you.
You now have 18/37 hp.
You hit the yak but do no damage. You block the yak's attack.
You hit the yak but do no damage. The yak barely misses you.
You hit the yak.
You kill the yak!
Lugonu accepts your kill.
Your Fighting skill increases to level 4!
Your Polearms skill increases to level 5!
Your Shields skill increases to level 1!
You have reached level 5!
You feel clever.
You regained 3 hp, and now have 21/42 hp.
MP restored: 7 You block the yak's attack.
The yak gores you.
You take 1 damage, and have 20/42 hp.
Found a stone staircase leading down.
The alarm trap emits a blaring wail!
A sentinel's mark forms upon you.
You hear a croak.
You hear a shout! x3
There is a stone staircase leading down here.
The yak gores you!
* * * LOW HITPOINT WARNING * * *
You climb downwards.
Eustachio the Magnificent comes into view.
He is wielding a falchion.
Eustachio shouts!
You hear a shout! x5
There is a stone staircase leading up here.
You take 11 damage, and have 10/42 hp.
MASSIVE DAMAGE!!
The yak gores you!
You die...

..###..#
@.....#
......#
.....# #
#...#
#.#.####...#
#......Y...#
#.@<..#
#.###.# ...
# ###. #. #.
.. #.


You could see a yak.

Vanquished Creatures
  A yak (D:6)
  3 adders
  An ooze (D:3)
  2 dart slugs
  2 leopard geckos (D:1)
  9 goblins
  5 hobgoblins
  4 kobolds
  2 quokkas
  6 bats
  7 frilled lizards
  6 rats
48 creatures vanquished.

Notes
Turn   | Place    | Note
-------+----------+-------------------------------------------
     0 | Abyss:1  | xnavy the Merfolk Abyssal Knight began the quest for the Orb.
     0 | Abyss:1  | Reached XP level 1. HP: 18/18 MP: 2/2
     1 | Abyss:1  | Found a corrupted altar of Lugonu.
    20 | D:1      | Escaped the Abyss
   144 | D:1      | Reached XP level 2. HP: 24/24 MP: 3/3
   455 | D:1      | Reached skill level 3 in Dodging
   831 | D:2      | Reached XP level 3. HP: 23/29 MP: 4/4
   875 | D:2      | Reached ** piety under Lugonu
  1169 | D:2      | Found a white marble altar of Elyvilon.
  1171 | D:2      | Found a shimmering altar of Xom.
  1171 | D:2      | Found a glowing golden altar of the Shining One.
  1174 | D:2      | Found a sacrificial altar of Ru.
  1174 | D:2      | Found a shimmering altar of Xom.
  1174 | D:2      | Found a glowing silver altar of Zin.
  1235 | D:2      | Reached skill level 4 in Polearms
  1235 | D:2      | Reached skill level 3 in Invocations
  1594 | D:2      | Reached XP level 4. HP: 37/37 MP: 6/6
  1943 | D:3      | You fall through a shaft for 2 floors!
  1943 | D:5      | Entered Level 5 of the Dungeon
  1943 | D:5      | Noticed Pikel
  1943 | D:5      | Noticed a slave
  1943 | D:5      | Noticed a slave
  1943 | D:5      | Noticed a slave
  1943 | D:5      | Noticed a slave
  1943 | D:5      | Noticed a centaur
  1985 | D:6      | Noticed an ogre
  2002 | D:6      | Noticed a yak
  2004 | D:6      | Noticed a yak
  2008 | D:6      | Noticed a yak
  2016 | D:6      | Noticed a yak
  2019 | D:6      | Noticed a yak
  2043 | D:6      | Killed a yak
  2043 | D:6      | Reached skill level 4 in Fighting
  2043 | D:6      | Reached skill level 5 in Polearms
  2043 | D:6      | Reached skill level 1 in Shields
  2043 | D:6      | Reached XP level 5. HP: 21/42 MP: 7/7
  2060 | D:6      | HP: 10/42 [yak (11)]
  2061 | D:7      | Noticed Eustachio
  2062 | D:7      | Slain by a yak

Skill      XL: |  1  2  3  4 |
---------------+-------------+-----
Dodging        | 3 |  3.9
Polearms       | 4 5 |  5.3
Invocations    | 3 |  3.9
Fighting       | 4 |  4.1
Shields        | 1 |  1.1
Armour         | |  0.6

Action                   |  1- 3 |  4- 6 || total
-------------------------+-------+-------++-------
Melee: Spear             |    84 |    55 ||   139
 Fire: Hunting sling     |     8 |     2 ||    10
Throw: Stone             |    40 |    22 ||    62
  Use: Scroll            |       |     8 ||     8
       Potion            |       |     2 ||     2
  Eat: Chunk             |     2 |     1 ||     3
Armor: Leather armour    |     9 |     3 ||    12
       Skin              |       |    15 ||    15
Dodge: Dodged            |    38 |    15 ||    53
Block: Buckler           |       |     8 ||     8

Vault maps used:
D:1:      lightli_arrival_chessboard
D:2:      first_ration, doesnt_xom_only_xom
D:5:      nicolae_overflow_crystal_walls, uniq_pikel
D:6:      minmay_temple_entry_hall, serial_shops, shop, uniq_duvessa
D:7:      grunt_ogre_cave, sword_in_stone

Table legend:
 A = Turns spent in this place as a percentage of turns spent in the entire game.
 B = Non-inter-level travel turns spent in this place as a percentage of non-inter-level travel turns spent in the entire game.
 C = Inter-level travel turns spent in this place as a percentage of turns spent in this place.
 D = Turns resting spent in this place as a percentage of non-inter-level travel turns spent in this place.
 E = Turns spent auto-exploring this place as a percentage of non-inter-level travel turns spent in this place.
 F = Non-inter-level travel turns spent in this place divided by the number of levels of this place that you've seen.
                   A       B       C       D       E      F
               +-------+-------+-------+-------+-------+----------------------
         Total | 100.0 | 100.0 |   1.8 |  16.6 |  58.4 | 289.1
       Dungeon |  99.0 |  99.0 |   1.9 |  16.8 |  59.0 | 334.0
         Abyss |   1.0 |   1.0 |   0.0 |   0.0 |   0.0 |  20.0
               +-------+-------+-------+-------+-------+----------------------

Table legend:
 A = Kills in this place as a percentage of kills in entire the game.
 B = Kills by you in this place as a percentage of kills by you in the entire game.
 C = Kills by friends in this place as a percentage of kills by friends in the entire game.
 D = Other kills in this place as a percentage of other kills in the entire game.
 E = Experience gained in this place as a percentage of experience gained in the entire game.
 F = Experience gained in this place divided by the number of levels of this place that you have seen.
                   A       B       C       D       E      F
               +-------+-------+-------+-------+-------+----------------------
         Total | 100.0 | 100.0 |   N/A |   N/A | 100.0 |  44.6
       Dungeon | 100.0 | 100.0 |   N/A |   N/A | 100.0 |  52.0
               +-------+-------+-------+-------+-------+----------------------
